 Dungeon Crawl Stone Soup version 0.30-a0-169-g06f667207d (webtiles) character file.

Game seed: 5475209707218328252

1763 Decritt the Fighter (level 9, 72/72 HPs)
             Began as a Djinni Conjurer on Sept 30, 2022.
             Was an Initiate of Ashenzari.
             Quit the game on level 6 of the Dungeon.
             The game lasted 00:18:04 (7345 turns).

Decritt the Fighter (Djinni Conjurer)               Turns: 7345, Time: 00:18:04

Health: 72/72      AC:  3    Str:  6    XL:     9   Next: 27%
Gold:   389        EV: 12    Int: 24    God:    Ashenzari [......] SH:  0 Dex: 12

rFire   + + .      SeeInvis +    (no weapon)
rCold   x . .      Faith    .    (no shield)
rNeg    . . .      Spirit   .    a - +0 robe
rPois   ∞          Reflect  .    (no helmet)
rElec   .          Harm     .    (no cloak)
rCorr   .          Rampage  .    m - +0 pair of gloves
Will    .....                    (boots unavailable)
Stlth   ++........               (no amulet)
HPRegen 0.22/turn                f - ring of see invisible
MPRegen 0.00/turn                (no ring)

@: flying
A: sickness immunity, fire resistance 2, cold vulnerability 1, float, innate
caster, HP casting, extra vitality 1
a: Renounce Religion


You were on level 6 of the Dungeon.
You worshipped Ashenzari.
Ashenzari was noncommittal.
You visited 1 branch of the dungeon, and saw 6 of its levels.

You collected 389 gold pieces.

Inventory:

Armour
 a - a +0 robe (worn)
 m - a +0 pair of gloves (worn)
Magical Staves
 i - a staff of fire
Jewellery
 f - a ring of see invisible (left hand)
Wands
 w - a wand of flame (19)
Scrolls
 b - 2 scrolls of enchant weapon
 d - a scroll of teleportation {unknown}
 j - 2 scrolls of fear {unknown}
 l - a scroll of immolation {unknown}
 p - a scroll of poison {unknown}
 q - a scroll of magic mapping {unknown}
 u - a scroll of butterflies {unknown}
 v - a scroll of amnesia {unknown}
Potions
 c - 6 potions of curing
 e - 2 potions of lignification
 g - 2 potions of mutation {unknown}
 h - a potion of degeneration {unknown}
 k - a potion of attraction
 n - a potion of brilliance {unknown}
 o - 2 potions of might
 s - 3 potions of haste {unknown}
 t - a potion of berserk rage {unknown}


   Skills:
 * Level 9.2 Fighting
 + Level 2.4 Dodging
 - Level 1.5 Stealth
 + Level 6.0 Spellcasting


You couldn't memorise any spells.
You knew the following spells:

 Your Spells              Type           Power      Damage    Failure   Level
a - Static Discharge      Conj/Air       72%        2-5/arc   1%          2
b - Searing Ray           Conj           72%        2d7       1%          2
c - Fulminant Prism       Conj/Hex       18%        3d11      7%          4
d - Ozocubu's Armour      Ice            36%        N/A       1%          3
e - Iskenderun's Mystic   Conj/Tloc      36%        2d9       7%          4
f - Magic Dart            Conj           100%       1d8       1%          1
g - Necrotise             Necr           100%       1d9       1%          1
h - Dazzling Flash        Conj/Hex       72%        N/A       1%          3
i - Summon Lightning Spi  Summ/Air       36%        N/A       7%          4
Your spell library was empty.

Dungeon Overview and Level Annotations

Branches:
Dungeon (6/15)
 Temple: D:4-7

Altars:
Ashenzari
Cheibriados
Elyvilon
Fedhas
Gozag
Hepliaklqana
Okawaru
Qazlal
Trog
Xom
Zin


Innate Abilities, Weirdness & Mutations

You are immune to sickness and miasma.
You are immune to poison.
Your flesh is very heat resistant. (rF++)
You are vulnerable to cold. (rC-)
You float through the air rather than walking.
You learn spells naturally, not from books.
Your magical power is your life essence.
You have superior vitality. (+4 MHP)


Message History

The bullfrog hits you.
The bullfrog hits you but does no damage.
Casting: Magic Dart (safe; 1% risk of failure)
Confirm with . or Enter, or press ? or * to list all spells.
You feel a surge of power!
The bullfrog is struck by an arc of lightning!
The bullfrog is almost dead.
You are struck by an arc of lightning.
The bullfrog is struck by an arc of lightning.
You kill the bullfrog!
You are struck by an arc of lightning.
Your Spellcasting skill increases to level 6!
Casting: Static Discharge (safe; 1% risk of failure)
Confirm with . or Enter, or press ? or * to list all spells.
You can't see any susceptible monsters within range! (Use Z to cast anyway.)
You now have 381 gold pieces (gained 14).
Found an iron altar of Okawaru.
There is an iron altar of Okawaru here.
An adder comes into view.
An adder is nearby!
You feel a surge of power!
The magic dart hits the adder.
The adder is moderately wounded.
You feel a surge of power!
The magic dart hits the adder.
The adder is almost dead.
You feel a surge of power!
The magic dart hits the adder.
You kill the adder!
No target in view!
You see here an adder corpse.
You now have 389 gold pieces (gained 8).
Found 7 stones.
Saving game... please wait.
Welcome back, Decritt the Djinni Conjurer.
Ashenzari says: Partake of my vision.
Partake of my curse.
Press ? for a list of commands and other information.
Really remove and destroy the cursed staff of conjuration {Cun, Range}?
You shatter the curse binding the cursed staff of conjuration {Cun, Range}!
Cast which spell? (? or * to list)
Okay, then.
Okay, then.
Are you sure you want to abandon this character and quit the game? (Confirm with "yes".)

# #......##.####.# #...# #
#......##)####.#######...### ##
#............#.............. .#
#..<......##.#.............. .#
#..........#.##....<........
.#####..........#.#########...###
....##..........#(# #...#
###.########.#.##.# #...# ....#
#..>.@.# #...# .#########
###.#### #...# .# #.....#####.#
#...# .###.###.......# #...#
.....# ######### ##.## ######
#.#####.### # #.........#
..........## #.##........


There were no monsters in sight!

Vanquished Creatures
  A water moccasin (D:5)
  A black bear (D:4)
  3 ogres
  2 phantoms (D:5)
  2 bullfrogs (D:6)
  A kobold brigand (D:6)
  A scorpion (D:6)
  5 wights (D:6)
  A howler monkey (D:5)
  5 hounds
  A jelly (D:5)
  2 orc priests
  5 iguanas
  2 orc wizards (D:6)
  4 gnolls (D:4)
  4 adders
  2 worms
  2 dart slugs
  20 orcs
  6 ball pythons
  2 bats
  5 endoplasms
  8 giant cockroaches
  5 hobgoblins
  2 jackals (D:1)
  3 quokkas
  4 frilled lizards
  5 goblins
  9 kobolds
  6 rats
  8 fulminant prisms
127 creatures vanquished.

Vanquished Creatures (collateral kills)
  A kobold (D:2)
  A ball python (D:2)
2 creatures vanquished.

Vanquished Creatures (others)
  24 fulminant prisms
  6 plants (D:2)
30 creatures vanquished.

Grand Total: 159 creatures vanquished

Notes
Turn   | Place    | Note
-------+----------+-------------------------------------------
     0 | D:1      | Decritt the Djinni Conjurer began the quest for the Orb.
     0 | D:1      | Decritt set off with the following spells memorised: Magic
                  | Dart, Searing Ray, Dazzling Flash, Fulminant Prism,
                  | Iskenderun's Mystic Blast.
     0 | D:1      | Reached XP level 1. HP: 15/15 MP: 0/0
   197 | D:1      | Reached skill level 1 in Fighting
   197 | D:1      | Reached XP level 2. HP: 14/22 MP: 0/0
   743 | D:1      | Reached XP level 3. HP: 26/28 MP: 0/0
   743 | D:1      | Learned a level 1 spell: Necrotise
   837 | D:1      | Reached skill level 2 in Fighting
  1578 | D:2      | Reached XP level 4. HP: 29/34 MP: 0/0
  2131 | D:3      | Reached skill level 3 in Fighting
  2361 | D:3      | Found a glowing silver altar of Zin.
  2941 | D:4      | Noticed a black bear
  2961 | D:4      | Killed a black bear
  2962 | D:4      | Reached skill level 4 in Fighting
  2962 | D:4      | Reached XP level 5. HP: 7/41 MP: 0/0
  2962 | D:4      | Learned a level 2 spell: Static Discharge
  3249 | D:4      | Reached XP level 6. HP: 27/47 MP: 0/0
  3725 | D:4      | Noticed an ogre
  3730 | D:4      | Killed an ogre
  3731 | D:4      | Reached skill level 5 in Fighting
  3867 | D:4      | Noticed an ogre
  3873 | D:4      | Killed an ogre
  3874 | D:4      | Reached XP level 7. HP: 30/54 MP: 0/0
  3874 | D:4      | Learned a level 3 spell: Ozocubu's Armour
  4342 | D:5      | Entered Level 5 of the Dungeon
  4425 | D:5      | Reached skill level 6 in Fighting
  4953 | D:5      | Reached XP level 8. HP: 37/62 MP: 0/0
  4987 | D:5      | Reached skill level 7 in Fighting
  4987 | D:5      | Reached skill level 5 in Spellcasting
  5617 | D:5      | Found a white marble altar of Elyvilon.
  5644 | D:5      | Found a bloodstained altar of Trog.
  5743 | D:5      | Found a stormy altar of Qazlal.
  5767 | D:5      | Found a hazy altar of Hepliaklqana.
  5769 | D:5      | Found a snail-covered altar of Cheibriados.
  5770 | D:5      | Found a broken altar of Ashenzari.
  5777 | D:5      | Found a blossoming altar of Fedhas.
  5778 | D:5      | Found a shimmering altar of Xom.
  5779 | D:5      | Became a worshipper of Ashenzari the Shackled
  5857 | D:5      | Found an opulent altar of Gozag.
  6248 | D:6      | Reached skill level 8 in Fighting
  6582 | D:6      | Reached XP level 9. HP: 53/71 MP: 0/0
  6582 | D:6      | Learned a level 4 spell: Summon Lightning Spire
  6982 | D:6      | Reached skill level 9 in Fighting
  7250 | D:6      | Found an iron altar of Okawaru.
  7345 | D:6      | Quit the game

Illustrated notes

Levels and vault maps discovered:
D:1:      minmay_arrival_floating_metal, layout_basic, reono_crystal_passage
D:2:      layout_rooms, grunt_decor_cap, serial_bayou_lagoon_a
D:3:      layout_basic, zin_academy, skrybe_limestone_x, kennysheep_crisscross
D:4:      cheibrodos_old_hovel, layout_basic
D:5:      layout_rooms, amcnicky_altar_gilded,
          nicolae_overflow_hallway_of_the_gods,
          gammafunk_temple_overflow_elements, minmay_crystal_water
D:6:      layout_loops_cross, marbit_many_paths

Skill      XL: |  1  2  3  4  5  6  7  8  9 |
---------------+----------------------------+-----
Fighting       | 1 2 4 5 6 8 9 |  9.2
Spellcasting   | 4 5 6 |  6.0
Dodging        | |  2.4
Stealth        | |  1.5

Action                   |  1- 3 |  4- 6 |  7- 9 || total
-------------------------+-------+-------+-------++-------
Melee: Unarmed           |     5 |       |       ||     5
       Staff             |       |       |     4 ||     4
 Cast: Magic Dart        |    43 |    50 |    71 ||   164
       Searing Ray       |     1 |     9 |    17 ||    27
       Necrotise         |    16 |    13 |       ||    29
       Static Discharge  |       |     4 |     6 ||    10
       Fulminant Prism   |       |       |    32 ||    32
       Ozocubu's Armour  |       |       |     4 ||     4
Invok: Curse Item        |       |       |     1 ||     1
       Shatter the Chain |       |       |     1 ||     1
  Use: Scroll            |       |     4 |     2 ||     6
       Potion            |       |     1 |       ||     1
Armor: Robe              |     2 |     2 |     8 ||    12
Dodge: Dodged            |    10 |    13 |    17 ||    40

Table legend: (Time is in decaauts)
 A = Elapsed time spent in this place.
 B = Non-inter-level travel time spent in this place.
 C = Inter-level travel time spent in this place.
 D = Time resting spent in this place.
 E = Time spent auto-exploring this place.
 F = Levels seen in this place.
 G = Mean time per level.
                   A        B        C        D        E       F      G
               +--------+--------+--------+--------+--------+-----+--------+
         Total |   7347 |   7228 |    119 |   2512 |   3911 |   6 | 1224.5 |
       Dungeon |   7347 |   7228 |    119 |   2512 |   3911 |   6 | 1224.5 |
               +--------+--------+--------+--------+--------+-----+--------+

Top non-repeatable levels by time:
     D:4: 2368 daAuts
     D:6: 1264 daAuts
     D:5: 1133 daAuts
     D:1: 1127 daAuts
     D:3: 819 daAuts
     D:2: 634 daAuts
